 Dungeon Crawl Stone Soup version 0.31-a0-198-g2ad674f65e (webtiles) character file.

Game seed: 624834446475166153

327 qw the Skirmisher (level 6, 0/35 HPs)
             Began as a Deep Elf Hunter on June 25, 2023.
             Succumbed to a scorpion's poison
             ... on level 5 of the Dungeon.
             The game lasted 00:01:23 (3056 turns).

qw the Skirmisher (Deep Elf Hunter)                 Turns: 3056, Time: 00:01:23

Health: 0/35       AC:  8    Str: 10    XL:     6   Next: 24%
Magic:  8/8        EV: 11    Int: 14    God:
Gold:   186        SH:  0    Dex: 18    Spells: 5/5 levels left

rFire   . . .        Y - +2 shortbow
rCold   . . .        (shield currently unavailable)
rNeg    . . .        h - +0 ring mail
rPois   .            b - +1 helmet
rElec   .            (no cloak)
rCorr   .            (no gloves)
SInv    .            a - +0 pair of boots
Will    .....        j - amulet of faith
Stlth   +            (no ring)
HPRegen 0.25/turn    (no ring)
MPRegen 0.11/turn

%: faith
@: lethally poisoned (0 -> -9), about to teleport
A: no striking features
a: no special abilities


You were on level 5 of the Dungeon.
You visited 2 branches of the dungeon, and saw 6 of its levels.

You collected 186 gold pieces.


   Skills:
 - Level 2.1 Fighting
 + Level 9.0 Ranged Weapons
 - Level 1.9 Armour
 - Level 2.4 Dodging
 - Level 1.2 Stealth


You had 5 spell levels left.
You didn't know any spells.
Your spell library was empty.

Inventory:

Hand Weapons
 Y - a +2 shortbow (weapon)
Armour
 a - a +0 pair of boots (worn)
 b - a +1 helmet (worn)
 h - a +0 ring mail (worn)
Jewellery
 i - a ring of fire
 j - an amulet of faith (around neck)
Scrolls
 c - a scroll of teleportation
Potions
 d - a potion of enlightenment {unknown}
 f - a potion of resistance {unknown}
 g - a potion of might {unknown}
 k - a potion of attraction {unknown}

Dungeon Overview and Level Annotations

Branches:
Dungeon (5/15)             Temple (1/1) D:4

Altars:
Ashenzari
Dithmenos
Elyvilon
Fedhas
Gozag
Hepliaklqana
Kikubaaqudgha
Nemelex Xobeh
Sif Muna
Trog
Uskayaw
Vehumet
Yredelemnul
Zin
The Shining One


Message History

The phantom hits you. The orc barely misses you.
The orc priest hits you with a +0 dagger.
The orc hits you but does no damage.
You shoot an arrow. The arrow hits the orc priest.
The orc priest is moderately wounded.
The orc barely misses you.
The phantom hits you but does no damage.
The orc hits you but does no damage.
The orc priest hits you with a +0 dagger.
You shoot an arrow.
The arrow hits the orc priest but does no damage.
The orc priest is moderately wounded.
The orc barely misses you. The phantom hits you. The orc barely misses you.
The orc priest hits you but does no damage.
You shoot an arrow. The arrow hits the orc priest.
The orc priest is heavily wounded.
The orc hits you but does no damage.
The orc priest calls down the wrath of Beogh upon you.
Beogh smites you! The phantom misses you. The orc hits you but does no damage.
A shadow imp comes into view.
The scorpion closely misses you.
You shoot an arrow.
The arrow closely misses the orc priest.
The orc hits you but does no damage.
The phantom hits you but does no damage.
The orc hits you but does no damage.
The orc priest hits you but does no damage.
The orc hits you with a +0 short sword. The scorpion barely misses you.
You shoot an arrow. The arrow hits the orc priest!
The orc priest is almost dead.
The orc hits you but does no damage.
The orc hits you from afar with a +0 trident.
The orc priest hits you with a +0 dagger.
The phantom hits you. The orc closely misses you. The scorpion stings you.
You are lethally poisoned!
The scorpion poisons you!
3056 ||| READING 2 scrolls of teleportation.
As you read the scroll of teleportation, it crumbles to dust.
You feel strangely unstable.
You die...

##.# #..## #####
##...# ###...####
....#
#........###..###
###...............#
#...........##....##
##.os......###.....#
#)oW@........<...##.#
....$$oo###.........#
# ..5.#....
##............ .#.
#..... #...##.......
#......#[...##.......
##.........>.........
#........#..........
.....#### ........


You could see a phantom, a scorpion, an orc priest, a shadow imp and 3 orcs.

Vanquished Creatures
  Blork the orc (D:4)
  A hound (D:4)
  An iguana (D:4)
  6 adders
  5 gnolls
  A worm (D:2)
  4 dart slugs
  An orc (D:5)
  7 ball pythons
  5 endoplasms
  3 giant cockroaches (D:4)
  7 goblins
  9 hobgoblins
  5 jackals
  8 kobolds
  5 quokkas
  7 bats
  14 frilled lizards
  6 rats
96 creatures vanquished.

Notes
Turn   | Place    | Note
-------+----------+-------------------------------------------
     0 | D:1      | qw the Deep Elf Hunter began the quest for the Orb.
     0 | D:1      | Reached XP level 1. HP: 12/12 MP: 3/3
     0 | D:1      | 0 ||| qw: Version: 0.3-a-22-g0ed2b0b
     0 | D:1      | 0 ||| qw: Game counter: 5230
     0 | D:1      | 0 ||| qw: Melee chars always use a shield: true
     0 | D:1      | 0 ||| qw: God list: Okawaru
     0 | D:1      | 0 ||| qw: Allow faded altars: false
     0 | D:1      | 0 ||| qw: Do Orc after clearing Dungeon:15 true
     0 | D:1      | 0 ||| qw: Do second Lair branch before Depths: true
     0 | D:1      | 0 ||| qw: Lair rune preference: random
     0 | D:1      | 0 ||| qw: Goals: Normal
     0 | D:1      | 0 ||| PLANNING D:1-11
    83 | D:1      | Reached XP level 2. HP: 16/16 MP: 4/4
    94 | D:1      | Reached skill level 6 in Ranged Weapons
   882 | D:1      | 882 ||| UPGRADING to +0 ring mail.
   892 | D:1      | 892 ||| DROPPING +0 leather armour.
   893 | D:1      | 893 ||| READING 2 scrolls labelled URUNYNNOPH.
   894 | D:1      | 894 ||| READING scroll labelled RECUCI QEOS.
   895 | D:1      | 895 ||| READING scroll labelled WUOQEI SYSI.
   900 | D:1      | 900 ||| DRINKING 2 viscous green potions.
   901 | D:1      | 901 ||| DROPPING scroll of poison.
   902 | D:1      | 902 ||| DROPPING scroll of butterflies.
   903 | D:1      | 903 ||| DROPPING potion of degeneration.
  1009 | D:2      | Reached XP level 3. HP: 18/20 MP: 5/5
  1144 | D:2      | Reached skill level 7 in Ranged Weapons
  1375 | D:2      | Reached XP level 4. HP: 25/25 MP: 6/6
  1431 | D:2      | 1431 ||| FLEEEEING.
  1441 | D:2      | 1441 ||| FLEEEEING.
  1442 | D:2      | 1442 ||| FLEEEEING.
  1443 | D:2      | 1443 ||| FLEEEEING.
  1444 | D:2      | 1444 ||| FLEEEEING.
  1445 | D:2      | 1445 ||| FLEEEEING.
  1511 | D:2      | 1511 ||| UPGRADING to +0 pair of boots.
  1516 | D:2      | 1516 ||| UPGRADING to +0 helmet.
  1521 | D:2      | 1521 ||| UPGRADING to amulet of guardian spirit.
  1526 | D:2      | 1526 ||| DROPPING ring of wizardry.
  1527 | D:2      | 1527 ||| READING scroll labelled ZUFEETHREDIC.
  1589 | D:3      | 1589 ||| STAIRDANCE
  1633 | D:3      | Reached skill level 8 in Ranged Weapons
  1673 | D:3      | Reached XP level 5. HP: 19/29 MP: 3/7
  1755 | D:3      | 1755 ||| READING scroll of enchant weapon.
  1755 | D:3      | 1755 ||| ENCHANTING +1 shortbow.
  2326 | D:3      | 2326 ||| READING scroll labelled XIURIG LUNO.
  2327 | D:3      | 2327 ||| READING 2 scrolls labelled SAYCZE TUOLLO.
  2328 | D:3      | 2328 ||| READING scroll of enchant armour.
  2328 | D:3      | 2328 ||| ENCHANTING +0 helmet.
  2387 | D:4      | Reached skill level 9 in Ranged Weapons
  2460 | D:4      | Found a staircase to the Ecumenical Temple.
  2461 | D:4      | 2461 ||| PLANNING TEMPLE
  2462 | D:4      | 2462 ||| READING scroll labelled ROZXUYRESU.
  2510 | Temple   | Entered the Ecumenical Temple
  2599 | Temple   | 2599 ||| PLANNING D:1-11
  2914 | D:4      | 2914 ||| UPGRADING to amulet of faith.
  2924 | D:4      | 2924 ||| DROPPING amulet of guardian spirit.
  2925 | D:4      | 2925 ||| READING scroll labelled PAAG NIELOU.
  2926 | D:4      | 2926 ||| READING scroll labelled OPPOMI LIRE.
  2927 | D:4      | 2927 ||| DRINKING 2 red potions.
  2976 | D:4      | 2976 ||| DROPPING potion of lignification.
  2993 | D:5      | Entered Level 5 of the Dungeon
  2993 | D:5      | Noticed Blork the orc
  3003 | D:5      | 3003 ||| STAIRDANCE
  3005 | D:4      | Killed Blork the orc
  3006 | D:4      | Reached skill level 1 in Armour
  3006 | D:4      | Reached XP level 6. HP: 31/35 MP: 8/8
  3055 | D:5      | HP: 7/35 [orc priest/+0 dagger (3)]
  3055 | D:5      | HP: 3/35 [scorpion (3)]
  3056 | D:5      | 3056 ||| READING 2 scrolls of teleportation.
  3056 | D:5      | Succumbed to a scorpion's poison

Levels and vault maps discovered:
D:1:      erik_arrival_cave_to_civilisation [erik_arrival_cave_to_hall],
          layout_basic
D:2:      minmay_diamond_boxcup, layout_rooms, minmay_lizard_pond
D:3:      layout_basic, kennysheep_another_room
D:4:      layout_rooms, minmay_temple_entry_waves,
          minmay_misc_feat_secret_circle, grunt_tough_drop
D:5:      layout_cave_pools, xom_butterflies, hellmonk_no_cap,
          uniq_blork_the_orc, uniq_edmund
Temple:   regret_index_temple_waves

Skill      XL: |  1  2  3  4  5 |
---------------+----------------+-----
Ranged Weapons | 6 7 8 9 |  9.0
Fighting       | 2 |  2.1
Armour         | 1 |  1.9
Dodging        | |  2.4
Stealth        | |  1.2

Action                     |  1- 3 |  4- 6 || total
---------------------------+-------+-------++-------
   Fire: Shortbow          |   127 |   159 ||   286
    Use: Scroll            |     3 |     9 ||    12
         Potion            |     1 |     1 ||     2
 Armour: Ring mail         |    30 |    38 ||    68
         Leather armour    |     2 |       ||     2
  Dodge: Dodged            |    41 |    41 ||    82

Table legend:
 A = Non-vault XP
 B = Vault XP
 C = Vault XP percentage of total XP
 D = Non-vault monster count
 E = Vault monster count
 F = Vault count percentage of total count
                 A         B        C        D         E       F
            +---------+---------+-------+---------+---------+-------
      Total |     328 |     140 |  29.9 |      73 |      23 |  24.0
            +---------+---------+-------+---------+---------+-------
        D:1 |      23 |       4 |  14.8 |      15 |       2 |  11.8
        D:2 |      84 |      25 |  22.9 |      22 |      18 |  45.0
        D:3 |     103 |       0 |   0.0 |      16 |       0 |   0.0
        D:4 |     113 |     111 |  49.6 |      18 |       3 |  14.3
        D:5 |       5 |       0 |   0.0 |       2 |       0 |   0.0
            +---------+---------+-------+---------+---------+-------
